 Dungeon Crawl Stone Soup version 0.31-a0-851-g7ff8af7976 (webtiles) character file.

Game seed: 17696404758322909234

35 avis the Changeling (level 3, -3/52 HPs)
             Began as an Ogre Shapeshifter on Oct 6, 2023.
             Slain by Grinder (5 damage)
             ... on level 3 of the Dungeon.
             The game lasted 00:08:52 (1990 turns).

avis the Changeling (Ogre Shapeshifter)             Turns: 1990, Time: 00:08:53

Health: -3/52      AC: 21    Str: 18    XL:     3   Next: 33%
Magic:  3/3        EV:  1    Int: 11    God:
Gold:   80         SH:  0    Dex: 10    Spells: 2/2 levels left

rFire   . .          .
                       - Unarmed
rCold   . . .        (no shield)
rNeg    . . .        a - melded +0 animal skin
rPois   +            h - melded +2 hat
rElec   .            (cloak currently unavailable)
rCorr   .            (gloves unavailable)
SInv    .            (boots unavailable)
Will    .....        (no amulet)
Stlth   +            (no ring)
HPRegen 0.28/turn    (no ring)
MPRegen 0.08/turn

%: no passive effects
@: tree-form
A: stationary, stasis, torment immunity, boosted hp, large, unfitting armour,
(tough skin 1)
a: no special abilities


You were on level 3 of the Dungeon.
You were a tree.
You visited 1 branch of the dungeon, and saw 3 of its levels.

You collected 80 gold pieces.

Inventory:

Armour
 a - a +0 animal skin (melded)
 h - a +2 hat (melded)
Talismans
 b - a beast talisman
 f - a flux talisman
 m - a maw talisman
 D - a talisman of death
Scrolls
 d - a scroll of vulnerability {unknown}
 e - 4 scrolls of identify {unknown}
 g - a scroll of amnesia {unknown}
Potions
 i - a potion of heal wounds {unknown}
 j - a potion of curing {unknown}


   Skills:
 + Level 2.0 Fighting
 * Level 2.3 Dodging
 * Level 3.1 Unarmed Combat
 * Level 3.3 Shapeshifting


You had 2 spell levels left.
You didn't know any spells.
Your spell library contained the following spells:

 Spells                   Type           Power      Damage    Failure   Level
 Sublimation of Blood     Necr           0%         N/A       47%         2
 Wereblood                Tmut           0%         N/A       47%         2
 Summon Hydra             Summ           0%         N/A       100%        7


Dungeon Overview and Level Annotations

Branches:
Dungeon (3/15)

Altars:
Hepliaklqana

Annotations:
D:3 Grinder


Innate Abilities, Weirdness & Mutations

You are a tree.
Your roots penetrate the ground, keeping you stationary.
You cannot be teleported.
You are immune to unholy pain and torment.
Your maximum health is greatly increased.
Your equipment is partially melded.
You are too large for most types of armour.
((You have tough skin. (AC +1)))


Message History

You see here the +7 spear of Hufiuc {freeze, Contam +Blink rCorr Stlth+}.
Found a mace.
Found a hazy altar of Hepliaklqana.
Found a ring mail.
j - a fuming inky potion Grinder comes into view.
Grinder shouts!
You closely miss Grinder. Grinder hits you.
You writhe in agony.
You hit Grinder.
Grinder is lightly wounded.
Grinder gestures at you.
You barely resist. You barely miss Grinder.
Grinder is lightly wounded.
Grinder completely misses you.
You hit Grinder.
Grinder is lightly wounded.
You hit Grinder.
Grinder is moderately wounded.
Grinder hits you.
You writhe in agony.
You hit Grinder but do no damage.
Grinder is moderately wounded.
Grinder hits you!
You writhe in agony.
You hit Grinder.
Grinder is moderately wounded.
Grinder barely misses you.
You punch Grinder! Your punch misses Grinder.
Grinder is heavily wounded.
Grinder says, "Mostly I couldn't keep them alive."
Grinder hits you.
You writhe in agony.
* * * LOW HITPOINT WARNING * * *
Your transformation has ended.
Your +2 hat unmelds from your body.
You turn into a tree.
Your +2 hat melds into your body.
Your +0 animal skin melds into your body.
Your roots penetrate the ground.
Grinder hits you.
* * * LOW HITPOINT WARNING * * *
You writhe in agony.
You die...
Grinder says, "Now the real fun starts!"

..# .$# ..# ..##
#.#
#.###########...#
#.#
#...............##
#.#
########.##.....$##
#.#
#####.##.#....$#
..#
#...............
..#
#.###.##.#.....#
.## #.# #.##♣#
...## #########.#
#...!5...##
#.........#
####.###.#
#.######### #.# #.#
#.# #.# #.# #.# #.#
#.# #.# #.####


You could see Grinder.

Vanquished Creatures
  A gnoll (D:2)
  4 ball pythons
  5 bats
  3 endoplasms (D:1)
  2 giant cockroaches (D:2)
  A quokka (D:1)
  3 frilled lizards
  3 rats
  A spectral kobold (D:2)
23 creatures vanquished.

Notes
Turn   | Place    | Note
-------+----------+-------------------------------------------
     0 | D:1      | avis the Ogre Shapeshifter began the quest for the Orb.
     0 | D:1      | Reached XP level 1. HP: 19/19 MP: 1/1
   204 | D:1      | Reached XP level 2. HP: 27/27 MP: 2/2
  1081 | D:2      | Found a faded altar of an unknown god.
  1108 | D:2      | Reached XP level 3. HP: 12/35 MP: 3/3
  1871 | D:3      | Identified the +7 spear of Hufiuc {freeze, Contam +Blink
                  | rCorr Stlth+}
  1880 | D:3      | Found a hazy altar of Hepliaklqana.
  1981 | D:3      | Noticed Grinder
  1990 | D:3      | HP: 2/52 [Grinder (6)]
  1990 | D:3      | Slain by Grinder

Illustrated notes

Levels and vault maps discovered:
D:1:      minmay_arrival_nine_rooms, layout_loops_ring
D:2:      layout_basic, dreamdust_ecumenical_altar_drowned_temple, serial_glass,
          glass_columns_c, glass_columns_a, minmay_tree_intersection,
          kennysheep_generic_room_12
D:3:      layout_loops_ring, nicolae_hepliaklqana_hazy_memory, uniq_grinder

Skill      XL: |  1  2  3 |
---------------+----------+-----
Dodging        | 2 |  2.3
Unarmed Combat | 3 |  3.1
Fighting       | 2 |  2.0
Shapeshifting  | |  3.3

Action                     || total
---------------------------++-------
  Melee: Unarmed           ||    69
         Punch             ||     1
    Use: Potion            ||     1
   Stab: Sleeping          ||     1
 Armour: Animal skin       ||    30
         Skin              ||     1
  Dodge: Dodged            ||    33
         Form:             ||     2
         Beast             ||     2

Table legend: (Time is in decaauts)
 A = Elapsed time spent in this place.
 B = Non-inter-level travel time spent in this place.
 C = Inter-level travel time spent in this place.
 D = Time resting spent in this place.
 E = Time spent auto-exploring this place.
 F = Levels seen in this place.
 G = Mean time per level.
                   A        B        C        D        E       F      G
               +--------+--------+--------+--------+--------+-----+--------+
         Total |   1987 |   1843 |    144 |    125 |   1409 |   3 |  662.3 |
       Dungeon |   1987 |   1843 |    144 |    125 |   1409 |   3 |  662.3 |
               +--------+--------+--------+--------+--------+-----+--------+

Top non-repeatable levels by time:
     D:2: 897 daAuts
     D:1: 770 daAuts
     D:3: 319 daAuts
